 Dungeon Crawl Stone Soup version 0.26.0-8-g74fc34ddfb (console) character file.

Game seed: 4656811874061844260

32 om the Digger (level 3, 0/27 HPs)
             Began as a Draconian Earth Elementalist on Jan 12, 2021.
             Slain by Terence
             ... wielding a +0 short sword
              (9 damage)
             ... on level 2 of the Dungeon.
             The game lasted 00:02:50 (1422 turns).

om the Digger (Draconian Earth Elementalist)        Turns: 1422, Time: 00:02:51

Health: 0/27       AC:  5    Str: 11    XL:     3   Next: 10%
Magic:  6/6        EV: 12    Int: 15    God:
Gold:   75         SH:  0    Dex: 11    Spells: 3/6 levels left

rFire    . . .     SeeInvis .   e - +0 club
rCold    . . .     Faith    .   (no shield)
rNeg     . . .     Spirit   .   (armour unavailable)
rPois    .         Reflect  .   (helmet restricted)
rElec    .         Harm     .   (no cloak)
rCorr    .         Rampage  .   (no gloves)
Will     .....                  (no boots)
Stlth    ++........             m - amulet of magic regeneration
HPRegen  0.09/turn              (no ring)
MPRegen  0.35/turn              (no ring)

@: no status effects
A: unfitting armour, cold-blooded, AC +5
a: no special abilities


You were on level 2 of the Dungeon.
You visited 1 branch of the dungeon, and saw 2 of its levels.

You collected 75 gold pieces.

Inventory:

Hand Weapons
 e - a +0 club (weapon)
Missiles
 b - 83 stones
Jewellery
 m - an amulet of magic regeneration (around neck)
Scrolls
 a - a scroll of noise {unknown}
 c - 2 scrolls of identify {unknown}
 d - a scroll of amnesia {unknown}
 f - a scroll of remove curse {unknown}
 g - a scroll of immolation {unknown}
 l - a scroll of magic mapping {unknown}
Potions
 h - a potion of curing {unknown}
 i - 2 potions of haste {unknown}
 j - a potion of lignification {unknown}
 k - a potion of ambrosia {unknown}


   Skills:
 + Level 0.8 Fighting
 + Level 0.5 Maces & Flails
 * Level 2.4 Dodging
 + Level 2.1 Stealth
 + Level 2.3 Spellcasting
 - Level 1.0 Transmutations
 - Level 3.0 Earth Magic


You had 3 spell levels left.
You knew the following spells:

 Your Spells              Type           Power        Failure   Level
a - Sandblast             Erth           20%          6%          1
b - Passwall              Tmut/Erth      5%           14%         2

Your spell library contained the following spells:

 Spells                   Type           Power        Failure   Level
 Stone Arrow              Conj/Erth      12%          34%         3
 Petrify                  Tmut/Erth      7%           67%         4
 Lee's Rapid Deconstruct  Erth           5%           87%         5


Dungeon Overview and Level Annotations

Branches:
Dungeon (2/15)

Altars:

Annotations:
D:2 Terence


Innate Abilities, Weirdness & Mutations

Your plain brown scales are hard. (AC +5)
You cannot fit into any form of body armour.
You are cold-blooded and may be slowed by cold attacks.


Message History

You are very lightly contaminated with residual magic.
Nothing appears to happen.
You hear an angry hiss.
Terence rages.
Terence closely misses you. Terence hits you with a +0 short sword.
Your magical contamination has completely faded away.
Terence misses you. Terence hits you with a +0 short sword!
Casting: Sandblast (safe; 6% risk of failure)
Confirm with . or Enter, or press ? or * to list all spells.
Aiming: Passwall (safe; 14% risk of failure)
Press: ? - help, Dir - move target, p - Terence A rock wall.
This rock feels extremely deep.
Terence hits you but does no damage. Terence barely misses you.
Terence hits you with a +0 short sword! Terence hits you with a +0 short sword!
You die...

###################
..................#
###.#############.#
#.# ######@# #.#
#<...@.# #.#
######## #.# #..
##. . ##


You could see Terence (berserk).

Vanquished Creatures
  A dart slug (D:1)
  3 leopard geckos (D:1)
  A ball python (D:1)
  A bat (D:1)
  2 goblins (D:1)
  3 hobgoblins (D:1)
  3 jackals (D:1)
  5 kobolds (D:1)
  6 rats (D:1)
25 creatures vanquished.

Vanquished Creatures (others)
  A plant (D:2)
  A withered plant (D:2)
2 creatures vanquished.

Grand Total: 27 creatures vanquished

Notes
Turn   | Place    | Note
-------+----------+-------------------------------------------
     0 | D:1      | om the Draconian Earth Elementalist began the quest for the
                  | Orb.
     0 | D:1      | Reached XP level 1. HP: 14/14 MP: 3/3
   249 | D:1      | Reached XP level 2. HP: 20/20 MP: 5/5
   556 | D:1      | Learned a level 2 spell: Passwall
   934 | D:1      | Reached XP level 3. HP: 23/27 MP: 6/6
  1402 | D:2      | Noticed Terence
  1422 | D:2      | Slain by Terence

Illustrated notes

Levels and vault maps discovered:
D:1:      tarquinn_simple_flora_water_e, layout_loops_corners, st_stairs_5
D:2:      layout_basic, grunt_temple_overflow_growth_and_decay,
          lemuel_round_altar, uniq_robin, uniq_natasha, uniq_terence

Skill      XL: |  1 |
---------------+----+-----
Dodging        | 2 |  2.4
Stealth        | 2 |  2.1
Fighting       | |  0.8
Maces & Flails | |  0.5
Spellcasting   | |  2.3
Transmutations | |  1.0
Earth Magic    | |  3.0

Action                   || total
-------------------------++-------
Melee: Club              ||    72
       Tailslap          ||     5
       Unarmed           ||     1
 Cast: Sandblast         ||    12
 Stab: Sleeping          ||     3
Armor: Skin              ||    19
Dodge: Dodged            ||    60
